General information
- name: BNet
- type: Ladder team game (AT/RT)
- host: Battle.net
- saver: AsLongAsILive
map: Deadlands
- players: 8
- length: 31:21
- speed: Fast
- version: 1.26 W3XP
- replay type: Public
» download(204 KB)
Players
team 1 (winner)
urogenital (
teal | 166 APM | 2713 actions | 16:19)
2 Death Knight
1 Death Coil
1 Unholy Aura
2 Lich
1 Frost Nova
1 Frost Armor
» actions
| Assign group hotkey | 27 | |
| Basic commands | 1 | |
| Build / train | 67 | |
| ESC pressed | 1 | |
| Enter build submenu | 20 | |
| Enter hero's abilities submenu | 4 | |
| Give item / drop item | 2 | |
| Right click | 1024 | |
| Select / deselect | 280 | |
| Select group hotkey | 1201 | |
| Use ability | 86 | |
2713 total
» units
| Acolyte | 11 | |
| Ghoul | 7 | |
| Crypt Fiend | 6 | |
| Obsidian Statue | 2 | |
| Meatwagon | 2 | |
28 total
» upgrades
| Web | 1 | |
| Destroyer Form | 1 | |
| Disease Cloud | 1 | |
3 total
» buildings
| Altar of Darkness | 2 | |
| Ziggurat | 6 | |
| Crypt | 2 | |
| Tomb of Relics | 1 | |
| Graveyard | 1 | |
| Nerubian Tower | 1 | |
| Halls of the Dead | 3 | |
| Slaughterhouse | 3 | |
| Black Citadel | 3 | |
| Spirit Tower | 9 | |
| Sacrificial Pit | 1 | |
| Necropolis | 1 | |
33 total
» build order
00:08 Altar of Darkness
00:10 Ziggurat
00:34 Crypt
00:54 Altar of Darkness
00:56 Tomb of Relics
01:17 Ziggurat
02:39 Graveyard
03:16 Nerubian Tower
03:40 Halls of the Dead
03:41 Halls of the Dead
05:17 Crypt
05:19 Ziggurat
07:46 Slaughterhouse
08:58 Black Citadel
08:58 Black Citadel
08:58 Black Citadel
09:04 Slaughterhouse
09:06 Slaughterhouse
10:19 Spirit Tower
10:19 Spirit Tower
10:19 Spirit Tower
10:21 Sacrificial Pit
11:15 Ziggurat
12:20 Necropolis
12:40 Spirit Tower
14:19 Ziggurat
14:20 Ziggurat
15:14 Spirit Tower
15:26 Spirit Tower
15:26 Spirit Tower
» items
| Rod of Necromancy | 4 | |
| Scroll of Regeneration | 1 | |
| Dust of Appearance | 1 | |
| Orb of Corruption | 1 | |
| Scroll of Town Portal | 1 | |
8 total
AsLongAsILive (
red | 97 APM | 3053 actions | 31:21)
5 Blood Mage
3 Flame Strike
2 Siphon Mana
» actions
| Assign group hotkey | 80 | |
| Basic commands | 115 | |
| Build / train | 216 | |
| ESC pressed | 4 | |
| Enter build submenu | 81 | |
| Enter hero's abilities submenu | 5 | |
| Give item / drop item | 10 | |
| Right click | 952 | |
| Select / deselect | 499 | |
| Select group hotkey | 839 | |
| Use ability | 251 | |
3053 total
» units
| Peasant | 25 | |
| Footman | 10 | |
| Goblin Shredder | 3 | |
| Sorceress | 2 | |
| Siege Engine | 5 | |
45 total
» upgrades
| Masonry | 3 | |
| Swords | 3 | |
| Armor | 3 | |
| Lumber Harvesting | 2 | |
| Sorceress Training | 2 | |
| Magic Sentry | 1 | |
| Plating | 3 | |
| Gunpowder | 3 | |
| Animal War Training | 1 | |
| Barrage | 1 | |
| Storm Hammers | 1 | |
| Cloud | 1 | |
| Backpack | 1 | |
25 total
» buildings
| Altar of Kings | 1 | |
| Barracks | 1 | |
| Farm | 15 | |
| Arcane Vault | 2 | |
| Town Hall | 2 | |
| Scout Tower | 49 | |
| Arcane Tower | 15 | |
| Lumber Mill | 1 | |
| Blacksmith | 1 | |
| Keep | 2 | |
| Guard Tower | 70 | |
| Arcane Sanctum | 1 | |
| Castle | 3 | |
| Workshop | 3 | |
| Gryphon Aviary | 4 | |
| Cannon Tower | 4 | |
174 total
» build order
00:10 Altar of Kings
00:12 Barracks
00:16 Farm
00:56 Farm
01:35 Farm
01:56 Arcane Vault
03:13 Farm
03:58 Town Hall
04:15 Farm
05:18 Scout Tower
05:43 Arcane Tower
05:44 Arcane Tower
05:44 Arcane Tower
05:45 Scout Tower
05:56 Lumber Mill
06:00 Scout Tower
06:40 Arcane Tower
06:40 Arcane Tower
06:42 Scout Tower
06:45 Blacksmith
06:55 Keep
07:32 Guard Tower
07:32 Guard Tower
07:35 Arcane Vault
07:37 Scout Tower
07:49 Guard Tower
08:05 Scout Tower
08:20 Guard Tower
08:22 Scout Tower
08:25 Guard Tower
08:25 Guard Tower
08:31 Scout Tower
08:35 Scout Tower
08:57 Guard Tower
08:57 Guard Tower
09:02 Arcane Tower
09:03 Arcane Tower
09:03 Guard Tower
09:23 Arcane Sanctum
09:55 Guard Tower
10:46 Scout Tower
10:50 Scout Tower
10:51 Scout Tower
10:56 Scout Tower
11:16 Scout Tower
11:20 Guard Tower
11:21 Guard Tower
11:24 Guard Tower
11:24 Guard Tower
11:24 Guard Tower
11:25 Guard Tower
11:39 Castle
11:39 Castle
11:40 Castle
11:43 Guard Tower
11:44 Scout Tower
11:51 Farm
12:11 Scout Tower
12:14 Scout Tower
12:15 Scout Tower
13:04 Guard Tower
13:04 Guard Tower
13:32 Workshop
13:36 Workshop
13:39 Workshop
15:30 Scout Tower
15:31 Scout Tower
15:32 Scout Tower
15:45 Scout Tower
15:46 Scout Tower
15:47 Scout Tower
15:54 Scout Tower
15:55 Scout Tower
16:01 Guard Tower
16:01 Guard Tower
16:01 Guard Tower
16:04 Guard Tower
16:04 Guard Tower
16:04 Guard Tower
16:11 Guard Tower
16:14 Guard Tower
16:15 Guard Tower
16:18 Guard Tower
16:19 Arcane Tower
16:19 Arcane Tower
16:23 Scout Tower
16:24 Scout Tower
16:36 Guard Tower
16:53 Guard Tower
16:54 Guard Tower
16:58 Guard Tower
17:53 Guard Tower
18:13 Scout Tower
18:14 Scout Tower
18:15 Scout Tower
18:15 Scout Tower
18:17 Scout Tower
18:18 Scout Tower
18:19 Scout Tower
18:21 Scout Tower
18:23 Scout Tower
18:26 Scout Tower
18:43 Guard Tower
18:43 Guard Tower
18:43 Guard Tower
18:47 Guard Tower
18:47 Guard Tower
18:47 Guard Tower
18:48 Guard Tower
18:48 Guard Tower
18:48 Guard Tower
18:49 Guard Tower
18:49 Guard Tower
18:50 Guard Tower
18:58 Guard Tower
19:33 Gryphon Aviary
19:34 Gryphon Aviary
19:36 Gryphon Aviary
19:37 Gryphon Aviary
20:15 Farm
20:34 Farm
20:35 Farm
20:42 Scout Tower
21:27 Arcane Tower
21:27 Arcane Tower
22:59 Scout Tower
23:00 Scout Tower
23:01 Scout Tower
23:02 Scout Tower
23:03 Scout Tower
23:42 Guard Tower
23:44 Farm
23:45 Farm
23:46 Farm
23:47 Farm
23:48 Farm
23:56 Scout Tower
23:56 Scout Tower
23:57 Scout Tower
23:58 Scout Tower
23:59 Scout Tower
24:28 Farm
24:33 Guard Tower
24:54 Cannon Tower
24:54 Cannon Tower
24:54 Cannon Tower
30:33 Town Hall
» items
| Scroll of Regeneration | 11 | |
| Boots of Speed | 1 | |
| Staff of Teleportation | 1 | |
| Periapt of Vitality | 1 | |
| Potion of Invisibility | 1 | |
| Lesser Clarity Potion | 9 | |
| Scroll of Town Portal | 5 | |
| Potion of Healing | 2 | |
| Potion of Mana | 1 | |
32 total
eldur (
orange | 74 APM | 1421 actions | 19:07)
3 Dreadlord
2 Vampiric Aura
1 Sleep
1 Crypt Lord
1 Impale
» actions
| Assign group hotkey | 42 | |
| Build / train | 45 | |
| ESC pressed | 2 | |
| Enter build submenu | 13 | |
| Enter hero's abilities submenu | 4 | |
| Give item / drop item | 3 | |
| Remove unit from queue | 3 | |
| Right click | 781 | |
| Select / deselect | 177 | |
| Select group hotkey | 320 | |
| Use ability | 31 | |
1421 total
» units
» upgrades
| Unholy Strength | 1 | |
| Unholy Armor | 1 | |
2 total
» buildings
| Graveyard | 2 | |
| Crypt | 2 | |
| Ziggurat | 6 | |
| Altar of Darkness | 1 | |
| Tomb of Relics | 1 | |
| Halls of the Dead | 1 | |
| Black Citadel | 0 | |
| Spirit Tower | 3 | |
16 total
» build order
00:29 Graveyard
00:34 Crypt
00:37 Ziggurat
01:09 Crypt
01:18 Altar of Darkness
01:30 Ziggurat
02:29 Tomb of Relics
03:40 Ziggurat
05:32 Graveyard
05:38 Ziggurat
08:42 Halls of the Dead
10:30 Ziggurat
10:33 Ziggurat
12:10 Black Citadel
13:08 Spirit Tower
14:08 Spirit Tower
14:44 Black Citadel
15:16 Spirit Tower
» items
| Rod of Necromancy | 1 | |
| Potion of Lesser Invulnerability | 1 | |
| Scroll of Protection | 1 | |
| Scroll of Town Portal | 1 | |
4 total

»
TrixsterMillion (
purple | 28 APM | 663 actions | 23:47)
4 Death Knight
2 Death Coil
2 Unholy Aura
2 Crypt Lord
1 Impale
1 Spiked Carapace
» actions
| Assign group hotkey | 27 | |
| Basic commands | 28 | |
| Build / train | 58 | |
| ESC pressed | 2 | |
| Enter build submenu | 30 | |
| Enter hero's abilities submenu | 6 | |
| Give item / drop item | 3 | |
| Remove unit from queue | 8 | |
| Right click | 185 | |
| Select / deselect | 177 | |
| Select group hotkey | 91 | |
| Use ability | 48 | |
663 total
» units
| Acolyte | 19 | |
| Ghoul | 3 | |
| Crypt Fiend | 8 | |
30 total
» upgrades
» buildings
| Ziggurat | 12 | |
| Altar of Darkness | 1 | |
| Crypt | 1 | |
| Graveyard | 1 | |
| Tomb of Relics | 1 | |
| Halls of the Dead | 3 | |
| Necropolis | 3 | |
| Nerubian Tower | 4 | |
| Spirit Tower | 2 | |
| Sacrificial Pit | 1 | |
| Black Citadel | 1 | |
30 total
» build order
00:13 Ziggurat
00:16 Altar of Darkness
00:18 Crypt
01:10 Graveyard
01:25 Tomb of Relics
02:00 Ziggurat
03:37 Ziggurat
05:21 Halls of the Dead
06:28 Necropolis
06:48 Ziggurat
07:32 Nerubian Tower
09:29 Ziggurat
09:43 Ziggurat
10:39 Nerubian Tower
12:02 Ziggurat
15:30 Ziggurat
15:40 Necropolis
16:28 Halls of the Dead
16:57 Nerubian Tower
18:12 Halls of the Dead
18:22 Nerubian Tower
19:12 Ziggurat
19:33 Spirit Tower
19:34 Spirit Tower
20:38 Sacrificial Pit
20:41 Black Citadel
23:27 Necropolis
23:30 Ziggurat
23:30 Ziggurat
23:31 Ziggurat
» items
team 2 (loser)
RufusTheOscar (
green | 41 APM | 1245 actions | 30:36)
5 Paladin
1 Holy Light
1 Devotion Aura
3 Divine Shield
4 Dark Ranger
2 Black Arrow
2 Life Drain
» actions
| Assign group hotkey | 62 | |
| Basic commands | 21 | |
| Build / train | 106 | |
| ESC pressed | 1 | |
| Enter build submenu | 35 | |
| Enter hero's abilities submenu | 9 | |
| Remove unit from queue | 1 | |
| Right click | 480 | |
| Select / deselect | 286 | |
| Select group hotkey | 178 | |
| Use ability | 66 | |
1245 total
» units
| Peasant | 27 | |
| Footman | 7 | |
| Gryphon Rider | 4 | |
| Knight | 9 | |
| Siege Engine | 8 | |
| Priest | 2 | |
| Dragonhawk Rider | 5 | |
62 total
» upgrades
| Plating | 2 | |
| Barrage | 1 | |
| Swords | 1 | |
| Gunpowder | 2 | |
| Magic Sentry | 1 | |
| Cloud | 1 | |
8 total
» buildings
| Barracks | 1 | |
| Farm | 9 | |
| Altar of Kings | 1 | |
| Scout Tower | 17 | |
| Arcane Tower | 1 | |
| Lumber Mill | 1 | |
| Guard Tower | 14 | |
| Keep | 1 | |
| Blacksmith | 1 | |
| Arcane Vault | 1 | |
| Castle | 1 | |
| Workshop | 1 | |
| Gryphon Aviary | 1 | |
| Town Hall | 1 | |
| Arcane Sanctum | 1 | |
52 total
» build order
00:14 Barracks
00:19 Farm
01:00 Farm
01:11 Altar of Kings
01:40 Scout Tower
02:09 Arcane Tower
02:27 Lumber Mill
02:41 Scout Tower
04:02 Guard Tower
04:50 Scout Tower
05:21 Keep
05:27 Farm
05:35 Guard Tower
05:38 Scout Tower
05:50 Blacksmith
06:36 Arcane Vault
06:41 Guard Tower
06:46 Scout Tower
07:24 Guard Tower
08:02 Castle
08:06 Workshop
08:10 Farm
08:24 Gryphon Aviary
08:29 Scout Tower
09:14 Guard Tower
09:18 Farm
10:51 Scout Tower
12:17 Guard Tower
12:19 Scout Tower
12:49 Guard Tower
12:51 Scout Tower
13:26 Farm
13:29 Farm
14:18 Guard Tower
15:17 Town Hall
17:29 Arcane Sanctum
20:02 Scout Tower
20:14 Scout Tower
21:42 Guard Tower
21:45 Scout Tower
22:12 Scout Tower
22:18 Guard Tower
22:21 Scout Tower
22:51 Scout Tower
22:53 Guard Tower
22:54 Guard Tower
23:01 Scout Tower
24:31 Farm
24:43 Farm
25:01 Guard Tower
25:03 Guard Tower
25:12 Scout Tower
» items
| Scroll of Regeneration | 3 | |
| Scroll of Town Portal | 2 | |
| Scroll of Healing | 1 | |
| Potion of Lesser Invulnerability | 1 | |
7 total
TERRIBLE-DOG. (
pink | 62 APM | 1942 actions | 31:20)
6 Blood Mage
3 Flame Strike
2 Siphon Mana
1 Summon Phoenix
» actions
| Assign group hotkey | 76 | |
| Basic commands | 80 | |
| Build / train | 75 | |
| Enter build submenu | 21 | |
| Enter hero's abilities submenu | 6 | |
| Give item / drop item | 4 | |
| Right click | 750 | |
| Select / deselect | 253 | |
| Select group hotkey | 583 | |
| Use ability | 94 | |
1942 total
» units
| Peasant | 9 | |
| Footman | 7 | |
| Sorceress | 9 | |
| Gryphon Rider | 5 | |
| Goblin Shredder | 4 | |
34 total
» upgrades
| Lumber Harvesting | 2 | |
| Masonry | 3 | |
| Sorceress Training | 2 | |
| Animal War Training | 1 | |
| Swords | 2 | |
| Armor | 1 | |
11 total
» buildings
| Altar of Kings | 1 | |
| Barracks | 1 | |
| Farm | 12 | |
| Scout Tower | 12 | |
| Arcane Tower | 1 | |
| Arcane Vault | 1 | |
| Keep | 1 | |
| Lumber Mill | 1 | |
| Arcane Sanctum | 2 | |
| Castle | 1 | |
| Guard Tower | 5 | |
| Gryphon Aviary | 5 | |
| Blacksmith | 1 | |
| Town Hall | 2 | |
46 total
» build order
00:16 Altar of Kings
00:23 Barracks
00:36 Farm
00:51 Farm
01:34 Scout Tower
01:38 Farm
02:04 Arcane Tower
02:20 Arcane Vault
03:31 Keep
03:43 Farm
03:44 Farm
03:45 Farm
04:24 Lumber Mill
06:02 Arcane Sanctum
06:04 Arcane Sanctum
06:06 Castle
10:39 Scout Tower
10:39 Scout Tower
10:39 Scout Tower
10:40 Scout Tower
10:40 Scout Tower
10:41 Scout Tower
10:42 Scout Tower
10:42 Scout Tower
11:50 Guard Tower
12:55 Guard Tower
15:46 Farm
15:47 Farm
15:47 Farm
15:47 Farm
15:48 Farm
15:48 Farm
16:01 Gryphon Aviary
16:02 Gryphon Aviary
16:34 Gryphon Aviary
20:07 Blacksmith
20:17 Town Hall
20:20 Scout Tower
20:20 Scout Tower
20:21 Scout Tower
21:13 Guard Tower
21:32 Gryphon Aviary
22:20 Gryphon Aviary
22:48 Guard Tower
25:01 Town Hall
» items
| Scroll of Regeneration | 3 | |
| Potion of Mana | 4 | |
| Potion of Healing | 2 | |
| Potion of Invisibility | 2 | |
| Staff of Teleportation | 1 | |
| Scroll of Town Portal | 2 | |
14 total
TiffanyLuce (
blue | 25 APM | 730 actions | 29:39)
6 Archmage
3 Summon Water Elemental
2 Brilliance Aura
1 Mass Teleport
» actions
| Assign group hotkey | 26 | |
| Basic commands | 99 | |
| Build / train | 73 | |
| Enter build submenu | 18 | |
| Enter hero's abilities submenu | 6 | |
| Right click | 93 | |
| Select / deselect | 214 | |
| Select group hotkey | 139 | |
| Use ability | 61 | |
730 total
» units
| Peasant | 14 | |
| Footman | 8 | |
| Knight | 15 | |
37 total
» upgrades
| Defend | 1 | |
| Swords | 3 | |
| Plating | 3 | |
| Lumber Harvesting | 2 | |
| Masonry | 3 | |
| Animal War Training | 1 | |
13 total
» buildings
| Altar of Kings | 1 | |
| Barracks | 2 | |
| Farm | 22 | |
| Blacksmith | 1 | |
| Keep | 1 | |
| Lumber Mill | 1 | |
| Castle | 1 | |
| Scout Tower | 14 | |
| Arcane Tower | 3 | |
| Guard Tower | 11 | |
| Town Hall | 2 | |
| Arcane Vault | 1 | |
60 total
» build order
00:27 Altar of Kings
00:40 Barracks
00:57 Farm
01:00 Farm
01:01 Farm
01:01 Farm
01:05 Farm
01:06 Farm
01:08 Farm
01:08 Farm
01:09 Farm
01:10 Farm
01:12 Farm
01:13 Farm
01:14 Farm
04:11 Barracks
04:22 Blacksmith
04:34 Keep
05:14 Lumber Mill
07:12 Castle
08:53 Scout Tower
08:56 Scout Tower
08:57 Scout Tower
08:58 Scout Tower
08:59 Scout Tower
09:00 Scout Tower
09:29 Arcane Tower
10:00 Guard Tower
10:23 Guard Tower
11:01 Town Hall
11:14 Scout Tower
11:16 Scout Tower
11:18 Scout Tower
11:19 Scout Tower
11:21 Scout Tower
11:22 Scout Tower
11:24 Scout Tower
11:25 Scout Tower
12:11 Guard Tower
12:15 Guard Tower
12:50 Guard Tower
13:12 Arcane Tower
13:17 Guard Tower
13:20 Guard Tower
13:24 Guard Tower
14:12 Guard Tower
14:15 Guard Tower
14:49 Arcane Vault
14:57 Arcane Tower
14:59 Guard Tower
19:34 Farm
22:26 Town Hall
26:22 Farm
26:25 Farm
26:25 Farm
26:26 Farm
26:34 Farm
26:34 Farm
26:35 Farm
26:36 Farm
I_C (
yellow | 39 APM | 1108 actions | 28:27)
5 Blademaster
3 Wind Walk
2 Critical Strike
» actions
| Basic commands | 41 | |
| Build / train | 81 | |
| Enter build submenu | 31 | |
| Enter hero's abilities submenu | 5 | |
| Give item / drop item | 4 | |
| Remove unit from queue | 1 | |
| Right click | 529 | |
| Select / deselect | 344 | |
| Use ability | 72 | |
1108 total
» units
» upgrades
| Ranged Weapons | 3 | |
| Armor | 3 | |
| Liquid Fire | 1 | |
| Reinforced Defenses | 1 | |
| Spiked Barricades | 3 | |
11 total
» buildings
| Altar of Storms | 1 | |
| Orc Burrow | 5 | |
| War Mill | 1 | |
| Voodoo Lounge | 1 | |
| Watch Tower | 12 | |
| Stronghold | 1 | |
| Fortress | 1 | |
| Beastiary | 3 | |
25 total
» build order
00:30 Altar of Storms
00:40 Orc Burrow
00:55 War Mill
01:36 Orc Burrow
01:39 Voodoo Lounge
02:26 Watch Tower
03:08 Stronghold
03:36 Orc Burrow
04:55 Orc Burrow
05:38 Fortress
05:55 Beastiary
06:27 Beastiary
06:48 Beastiary
14:01 Orc Burrow
14:36 Watch Tower
14:39 Watch Tower
15:24 Watch Tower
20:57 Watch Tower
20:58 Watch Tower
21:12 Watch Tower
21:38 Watch Tower
21:57 Watch Tower
21:58 Watch Tower
23:44 Watch Tower
25:02 Watch Tower
» items
| Healing Salve | 3 | |
| Lesser Clarity Potion | 2 | |
| Boots of Speed | 1 | |
| Circlet of Nobility | 3 | |
| Potion of Healing | 1 | |
| Orb of Lightning | 1 | |
11 total
Chat log
(00:19 / All) AsLongAsILive: this is the easiest map to get level 3 on, on certain spawn positions
(00:22 / All) AsLongAsILive: and I never get them
(00:43 / Allies) urogenital: iam harassing
(00:44 / Allies) urogenital: 3x hu
(00:46 / Allies) urogenital: ghoulz
(00:49 / Allies) urogenital: 3x rod
(00:50 / Allies) urogenital: rush
(00:59 / Allies) AsLongAsILive: yeah UD doesn't have very good tech
(01:02 / Allies) urogenital: mass ghoulz
(01:56 / Allies) urogenital: who dl ?
(02:01 / Allies) eldur: ill go dl
(02:05 / Allies) AsLongAsILive: I'm always downloading
(04:28 / Allies) eldur: we almost rdy ?
(04:31 / Allies) urogenital: yea
(04:37 / Allies) urogenital: teching
(07:07 / Allies) urogenital: wood
(07:07 / Allies) urogenital: plz
(07:44 / All) TERRIBLE-DOG.: BLUE WHY WOULD U DEFEND UR FOOTIES VS GHOULS IDIOT
(07:53 / All) AsLongAsILive: the claws are piercing
(07:55 / All) AsLongAsILive: sharp talons
(08:45 / Allies) urogenital: wood
(08:46 / Allies) urogenital: plz
(09:14 / Allies) urogenital: who frodst
(09:16 / Allies) urogenital: i dest
(12:33 / All) AsLongAsILive: batbot
(12:46 / All) AsLongAsILive: can give harass but can't take it
(13:06 / Allies) TrixsterMillion: gold?
(14:14 / All) urogenital: noob teamates
(14:16 / All) urogenital: =\
(14:19 / All) AsLongAsILive: lol
(14:22 / All) AsLongAsILive: You suggested to rush as ud
(14:24 / All) AsLongAsILive: instead of tech
(14:27 / All) AsLongAsILive: when ud has the best tech in wc3
(14:27 / All) urogenital: u never rushed
(14:28 / All) urogenital: LMFAO
(14:34 / All) AsLongAsILive: yeah because it was a dumb idea
(14:40 / All) urogenital: u expoed
(14:42 / All) AsLongAsILive: yep
(14:46 / All) urogenital: u ruined first attempt of winning
(14:47 / All) urogenital: grats
(14:59 / Allies) eldur: help
(15:00 / Allies) eldur: need aa
(15:19 / All) AsLongAsILive: I did more than you all game with my hero, teal.
(15:27 / Allies) urogenital: learn 4s
(15:31 / Allies) urogenital: lmao
(15:39 / All) AsLongAsILive: I have, but clearly you have not as all you know is the one rush build
(15:42 / All) AsLongAsILive: like all 4v4 players
(15:46 / All) I_C: gg
(24:26 / All) I_C: gg
(24:30 / All) AsLongAsILive: not over yet
(24:41 / All) I_C: been over
(24:50 / All) AsLongAsILive: no
(26:04 / All) AsLongAsILive: welcome to food block hell, blue
(27:23 / All) AsLongAsILive: told you
(27:35 / All) I_C: pink is a traitor
(27:41 / All) I_C: must be shot on site
(27:43 / All) AsLongAsILive: yes he is
(28:02 / All) I_C: traitor go before the rifle squad
(28:08 / All) I_C: death penalty
(28:16 / All) AsLongAsILive: Not in this story
(28:19 / All) AsLongAsILive: This story ends differently
(29:06 / All) AsLongAsILive: I SAID
(29:07 / All) AsLongAsILive: WELCOME
(29:09 / All) AsLongAsILive: TO FOOD BLOCK
(29:09 / All) AsLongAsILive: HELL
(29:31 / All) TiffanyLuce: lol doesnt matter pink is a bser, not sure why he waited all the way until the end of the game
(29:35 / All) TiffanyLuce: waste of time
(30:20 / All) AsLongAsILive: did you kill my sorc? one of you
(30:40 / All) AsLongAsILive: lol
(30:43 / All) AsLongAsILive: Which team gets the loss?
(30:55 / All) TERRIBLE-DOG.: it will be up to you
(31:04 / All) AsLongAsILive: HMM
(31:06 / All) AsLongAsILive: I say yours
(31:08 / All) AsLongAsILive: due to yellow